Connexion

TAMPA BAY Lightning vs CAROLINA Hurricanes

Created - 17 octobre 2023 at 06:38

Goals
1 2 3 T
TAMPA BAY Lightning 1 1 1 3
CAROLINA Hurricanes 2 3 0 5
Shots
1 2 3 T
TAMPA BAY Lightning 6 6 9 21
CAROLINA Hurricanes 11 11 3 25

GoalsPenalties
1st period
1. CAROLINA Hurricanes , Pontus Aberg 8 (Cam York 6) at 7:53
2. TAMPA BAY Lightning , Anders Lee 11 (Josh Mahura 8, Artem Zub 13) at 15:08 (SH)
3. CAROLINA Hurricanes , Esa Lindell 1 (KAndre Miller 2, James van Riemsdyk 9) at 15:20 (PP)
Owen Power (CAR) for Hooking (Minor) at 0:19
Martin Fehervary (T.B) for Hooking (Minor) at 13:32
Peter Cehlarik (T.B) for Tripping (Minor) at 18:33
2nd period
4. CAROLINA Hurricanes , Blake Wheeler 7 (Pontus Aberg 12, Cam York 7) at 3:05
5. TAMPA BAY Lightning , Oskar Sundqvist 8 (Anders Lee 18, Rasmus Asplund 15) at 3:50
6. CAROLINA Hurricanes , James van Riemsdyk 5 (Tyler Motte 9) at 16:22
7. CAROLINA Hurricanes , Wayne Simmonds 6 (Marcus Johansson 9, Jack Hughes 15) at 16:36
Blake Wheeler (CAR) for Tripping (Minor) at 9:17
KAndre Miller (CAR) for Cross-checking (Minor) at 16:55
3rd period
8. TAMPA BAY Lightning , Cole Sillinger 1 (Adam Henrique 10, Martin Fehervary 3) at 7:56 (PP)
Tyler Motte (CAR) for Hooking (Minor) at 1:09
Blake Wheeler (CAR) for High sticking (Minor) at 3:58
Ben Hutton (CAR) for Holding (Minor) at 6:02
Ben Hutton (CAR) for Roughing (Minor) at 17:08
Goalie Stats
Martin Jones (T.B), 17 saves from 22 shots - (0,773), L, 15-13-1, 36:36 minutes
Garret Sparks (T.B), 3 saves from 3 shots - (1,000), 23:24 minutes
Ilya Samsonov (CAR), 18 saves from 21 shots - (0,857), W, 14-10-0, 60:00 minutes
3 StarsOfficial
1 - Pontus Aberg (CAR)
2 - James van Riemsdyk (CAR)
3 - Anders Lee (T.B)
Referees : Marc Joannette and Tim Peel
Linesman : Jay Sharrers and Derek Amell
Game Note
Garret Sparks enters game at 16:36 of 2nd period
Finance
Level 1 -- Attendance: 5802 (96,70%) -- Ticket Income 696 240 $
Level 2 -- Attendance: 5680 (100,00%) -- Ticket Income 397 600 $
Level 3 -- Attendance: 2000 (100,00%) -- Ticket Income 90 000 $
Level 4 -- Attendance: 3112 (77,80%) -- Ticket Income 124 480 $
Luxury Box -- Attendance: 1000 (100,00%) -- Ticket Income 210 000 $
Game was played at the RBC Center.
Total Attendance: 17594 (94,19%)
Total Ticket Income: 1 518 320 $
Other Income: 303 664 $
Total Income: 1 821 984 $



Team Name Goals Shots Shots Attemp Shots Blocked PIM HIT PP PK FO%
TAMPA BAY Lightning 3214994171 / 7 (14%)147%
CAROLINA Hurricanes 52555614191 / 2 (50%)153%

TAMPA BAY Lightning
Player Name POS G A P +/- PIM HIT SHT SB MP PP MP PP SHT PK MP PK SHT FO% FOT
Adam HenriqueC/LW011-1002015:160:0800:00050% 12
Anders LeeC/LW1122003119:507:4110:5410% 3
Artem ZubD0111010121:036:2301:4200% 0
Cole SillingerC101000100:250:0810:0000% 0
Denis MalginC/LW/RW000-100003:390:0000:0000% 0
Evander KaneC/LW/RW000-2002121:155:5912:5300% 2
Evgeny KuznetsovC000-3000124:375:5902:53042% 24
Ivan ProvorovD000-2032223:187:1722:0500% 0
Jesperi KotkaniemiC/LW000-100003:390:0000:00075% 4
Josh MahuraD0110010115:530:0800:1400% 0
Kent JohnsonC/LW000-1021015:080:0000:0000% 0
Lawson CrouseLW/RW000-2042018:306:0700:0000% 0
Marco ScandellaD000-2022023:567:1712:4300% 0
Martin FehervaryD0110211120:046:3100:3600% 0
Oskar SundqvistC1012003019:507:4110:54060% 25
Peter CehlarikLW/RW000-1200015:070:0000:0000% 0
Rasmus AsplundC/RW0111012018:567:4100:0000% 3
Ryan LindgrenD000-1020115:450:0000:1400% 0
CAROLINA Hurricanes
Player Name POS G A P +/- PIM HIT SHT SB MP PP MP PP SHT PK MP PK SHT FO% FOT
Alexandre TexierC/LW000-101203:230:0000:0000% 0
Ben HuttonD0002430015:450:0002:1800% 0
Blake LizotteC000000000:260:0000:2600% 0
Blake WheelerLW/RW1012402013:550:0001:2200% 2
Brandon SutterC/RW0001000015:471:2600:000100% 2
Brett PesceD000-1021225:152:1116:4500% 0
Cam YorkD0222000013:290:0000:0000% 0
Connor DewarC000-100003:230:0000:00075% 4
Curtis LazarC/LW/RW0002021012:350:0000:00071% 7
Esa LindellD1011003021:161:3617:0300% 0
Jack HughesC011-1004125:332:2117:43054% 28
James van RiemsdykLW/RW1121013016:491:2611:020100% 2
KAndre MillerD0111201020:081:3615:5600% 0
Marcus JohanssonC/LW/RW0110010022:122:2107:4500% 3
Owen PowerD000-1220324:032:1105:3400% 0
Pontus AbergLW/RW1122001012:350:0000:00050% 2
Tyler MotteC/LW/RW0111234020:031:2604:17047% 19
Wayne SimmondsLW/RW1010043019:282:2105:01050% 4



Play-by-Play

1st period


0:01 of 1st period - Jack Hughes wins face-off versus Evgeny Kuznetsov in neutral zone.
0:19 of 1st period - Minor Penalty to Owen Power for Hooking.
0:20 of 1st period - Oskar Sundqvist wins face-off versus Jack Hughes in CAROLINA Hurricanes zone.
1:10 of 1st period - Icing by Rasmus Asplund.
1:11 of 1st period - Oskar Sundqvist wins face-off versus Jack Hughes in TAMPA BAY Lightning zone.
1:15 of 1st period - Icing by Anders Lee.
1:16 of 1st period - Jack Hughes wins face-off versus Oskar Sundqvist in TAMPA BAY Lightning zone.
1:32 of 1st period - Off-side.
1:33 of 1st period - Evgeny Kuznetsov wins face-off versus Marcus Johansson in neutral zone.
1:36 of 1st period - Marcus Johansson is hit by Lawson Crouse.
1:40 of 1st period - Jack Hughes is hit by Lawson Crouse and loses puck.
2:02 of 1st period - Icing by Lawson Crouse.
2:03 of 1st period - Wayne Simmonds wins face-off versus Evgeny Kuznetsov in TAMPA BAY Lightning zone.
2:10 of 1st period - Shot by Evander Kane.
2:10 of 1st period - Shot Misses the Net.
2:12 of 1st period - Shot by Lawson Crouse.
2:12 of 1st period - Shot Misses the Net.
2:14 of 1st period - Shot by Marco Scandella.
2:14 of 1st period - Stopped by Ilya Samsonov without a rebound.
2:15 of 1st period - Jack Hughes wins face-off versus Oskar Sundqvist in CAROLINA Hurricanes zone.
2:23 of 1st period - Icing by Josh Mahura.
2:24 of 1st period - Adam Henrique wins face-off versus Tyler Motte in TAMPA BAY Lightning zone.
2:24 of 1st period - Adam Henrique is hit by James van Riemsdyk.
2:38 of 1st period - Ryan Lindgren is hit by Tyler Motte and loses puck.
3:47 of 1st period - Off-side.
3:48 of 1st period - Jack Hughes wins face-off versus Oskar Sundqvist in neutral zone.
3:48 of 1st period - Jack Hughes is hit by Rasmus Asplund.
4:16 of 1st period - Shot by Anders Lee.
4:16 of 1st period - Stopped by Ilya Samsonov without a rebound.
4:17 of 1st period - Curtis Lazar wins face-off versus Evgeny Kuznetsov in CAROLINA Hurricanes zone.
4:33 of 1st period - Off-side.
4:34 of 1st period - Connor Dewar wins face-off versus Anders Lee in neutral zone.
5:11 of 1st period - Shot by Alexandre Texier.
5:11 of 1st period - Stopped by Martin Jones without a rebound.
5:12 of 1st period - Pontus Aberg wins face-off versus Evgeny Kuznetsov in TAMPA BAY Lightning zone.
5:15 of 1st period - Shot by Pontus Aberg.
5:15 of 1st period - Shot Misses the Net.
5:26 of 1st period - Marco Scandella is hit by Ben Hutton and loses puck.
5:34 of 1st period - Pontus Aberg is hit by Ivan Provorov.
5:39 of 1st period - Icing by Ivan Provorov.
5:40 of 1st period - Tyler Motte wins face-off versus Evgeny Kuznetsov in TAMPA BAY Lightning zone.
5:40 of 1st period - Tyler Motte is hit by Ivan Provorov.
5:42 of 1st period - Shot by James van Riemsdyk.
5:42 of 1st period - Shot Blocked by Ivan Provorov.
5:59 of 1st period - Off-side.
6:00 of 1st period - Oskar Sundqvist wins face-off versus Jack Hughes in neutral zone.
6:34 of 1st period - Icing by Brett Pesce.
6:35 of 1st period - Jack Hughes wins face-off versus Evander Kane in CAROLINA Hurricanes zone.
6:54 of 1st period - Shot by Evander Kane.
6:54 of 1st period - Shot Misses the Net.
7:10 of 1st period - Shot by Lawson Crouse.
7:10 of 1st period - Shot Misses the Net.
7:12 of 1st period - Shot by Marco Scandella.
7:12 of 1st period - Stopped by Ilya Samsonov with a rebound.
7:14 of 1st period - Shot by Evander Kane.
7:14 of 1st period - Shot Misses the Net.
7:16 of 1st period - Shot by Marco Scandella.
7:16 of 1st period - Shot Blocked by Brett Pesce.
7:18 of 1st period - Shot by Marco Scandella.
7:18 of 1st period - Shot Misses the Net.
7:46 of 1st period - Peter Cehlarik is hit by Curtis Lazar and loses puck.
7:53 of 1st period - Shot by Pontus Aberg.
7:53 of 1st period - Goal by Pontus Aberg - TAMPA BAY Lightning : 0 - CAROLINA Hurricanes : 1.
7:54 of 1st period - Brandon Sutter wins face-off versus Rasmus Asplund in neutral zone.
8:27 of 1st period - Shot by James van Riemsdyk.
8:27 of 1st period - Shot Misses the Net.
8:29 of 1st period - Shot by James van Riemsdyk.
8:29 of 1st period - Shot Misses the Net.
8:31 of 1st period - Shot by Esa Lindell.
8:31 of 1st period - Stopped by Martin Jones without a rebound.
8:32 of 1st period - Jesperi Kotkaniemi wins face-off versus Pontus Aberg in TAMPA BAY Lightning zone.
8:53 of 1st period - Shot by Jesperi Kotkaniemi.
8:53 of 1st period - Shot Misses the Net.
9:58 of 1st period - Shot by James van Riemsdyk.
9:58 of 1st period - Stopped by Martin Jones with a rebound.
10:00 of 1st period - Shot by Tyler Motte.
10:00 of 1st period - Stopped by Martin Jones with a rebound.
10:54 of 1st period - Shot by Rasmus Asplund.
10:54 of 1st period - Stopped by Ilya Samsonov with a rebound.
10:56 of 1st period - Shot by Martin Fehervary.
10:56 of 1st period - Stopped by Ilya Samsonov without a rebound.
10:57 of 1st period - Jack Hughes wins face-off versus Evgeny Kuznetsov in CAROLINA Hurricanes zone.
11:34 of 1st period - Jack Hughes is hit by Lawson Crouse.
12:25 of 1st period - Adam Henrique is hit by Curtis Lazar and loses puck.
12:34 of 1st period - Shot by Pontus Aberg.
12:34 of 1st period - Shot Misses the Net.
12:36 of 1st period - Shot by Pontus Aberg.
12:36 of 1st period - Shot Misses the Net.
13:09 of 1st period - Shot by Alexandre Texier.
13:09 of 1st period - Stopped by Martin Jones without a rebound.
13:10 of 1st period - Oskar Sundqvist wins face-off versus Tyler Motte in TAMPA BAY Lightning zone.
13:30 of 1st period - Tyler Motte is hit by Artem Zub and loses puck.
13:32 of 1st period - Minor Penalty to Martin Fehervary for Hooking.
13:33 of 1st period - Jack Hughes wins face-off versus Evgeny Kuznetsov in TAMPA BAY Lightning zone.
13:38 of 1st period - Shot by KAndre Miller.
13:38 of 1st period - Shot Blocked by Ivan Provorov.
14:50 of 1st period - Shot by Brett Pesce.
14:50 of 1st period - Stopped by Martin Jones without a rebound.
14:51 of 1st period - Oskar Sundqvist wins face-off versus Jack Hughes in TAMPA BAY Lightning zone.
15:08 of 1st period - Shot by Anders Lee.
15:08 of 1st period - Goal by Anders Lee - TAMPA BAY Lightning : 1 - CAROLINA Hurricanes : 1.
15:09 of 1st period - Tyler Motte wins face-off versus Evgeny Kuznetsov in neutral zone.
15:16 of 1st period - Shot by James van Riemsdyk.
15:16 of 1st period - Stopped by Martin Jones with a rebound.
15:18 of 1st period - Shot by KAndre Miller.
15:18 of 1st period - Stopped by Martin Jones with a rebound.
15:20 of 1st period - Shot by Esa Lindell.
15:20 of 1st period - Goal by Esa Lindell - TAMPA BAY Lightning : 1 - CAROLINA Hurricanes : 2.
15:21 of 1st period - Curtis Lazar wins face-off versus Oskar Sundqvist in neutral zone.
15:29 of 1st period - Oskar Sundqvist is hit by Ben Hutton and loses puck.
15:43 of 1st period - Icing by Cam York.
15:44 of 1st period - Curtis Lazar wins face-off versus Adam Henrique in CAROLINA Hurricanes zone.
15:44 of 1st period - Cam York is hit by Kent Johnson and loses puck.
17:16 of 1st period - Evgeny Kuznetsov is hit by Owen Power and loses puck.
17:49 of 1st period - Shot by Wayne Simmonds.
17:49 of 1st period - Shot Misses the Net.
17:58 of 1st period - Icing by Ryan Lindgren.
17:59 of 1st period - Tyler Motte wins face-off versus Oskar Sundqvist in TAMPA BAY Lightning zone.
18:00 of 1st period - Shot by Brandon Sutter.
18:00 of 1st period - Shot Misses the Net.
18:02 of 1st period - Shot by Tyler Motte.
18:02 of 1st period - Stopped by Martin Jones without a rebound.
18:03 of 1st period - Adam Henrique wins face-off versus Tyler Motte in TAMPA BAY Lightning zone.
18:33 of 1st period - Minor Penalty to Peter Cehlarik for Tripping.
18:34 of 1st period - Evgeny Kuznetsov wins face-off versus Jack Hughes in TAMPA BAY Lightning zone.
18:34 of 1st period - Evgeny Kuznetsov is hit by Wayne Simmonds.
18:46 of 1st period - Evgeny Kuznetsov is hit by Wayne Simmonds and loses puck.
19:13 of 1st period - Shot by Wayne Simmonds.
19:13 of 1st period - Shot Misses the Net.
19:15 of 1st period - Shot by Brett Pesce.
19:15 of 1st period - Shot Misses the Net.
19:17 of 1st period - Shot by Owen Power.
19:17 of 1st period - Shot Misses the Net.
19:33 of 1st period - Off-side.
19:34 of 1st period - Tyler Motte wins face-off versus Oskar Sundqvist in neutral zone.
Goals for this period are 1 for TAMPA BAY Lightning vs 2 for CAROLINA Hurricanes .
Shots for this period are 6 for TAMPA BAY Lightning vs 11 for CAROLINA Hurricanes .

2nd period


0:01 of 2nd period - Jack Hughes wins face-off versus Evgeny Kuznetsov in neutral zone.
0:26 of 2nd period - Shot by Brett Pesce.
0:26 of 2nd period - Deflect By Marcus Johansson.
0:26 of 2nd period - Shot Misses the Net.
0:28 of 2nd period - Shot by Brett Pesce.
0:28 of 2nd period - Shot Misses the Net.
0:30 of 2nd period - Shot by Marcus Johansson.
0:30 of 2nd period - Deflect By Jack Hughes.
0:30 of 2nd period - Stopped by Martin Jones without a rebound.
0:31 of 2nd period - James van Riemsdyk wins face-off versus Evgeny Kuznetsov in TAMPA BAY Lightning zone.
0:50 of 2nd period - Icing by Artem Zub.
0:51 of 2nd period - Tyler Motte wins face-off versus Rasmus Asplund in TAMPA BAY Lightning zone.
0:54 of 2nd period - Shot by Tyler Motte.
0:54 of 2nd period - Stopped by Martin Jones without a rebound.
0:55 of 2nd period - Jack Hughes wins face-off versus Evgeny Kuznetsov in TAMPA BAY Lightning zone.
0:58 of 2nd period - Shot by Marcus Johansson.
0:58 of 2nd period - Shot Blocked by Evgeny Kuznetsov.
1:00 of 2nd period - Shot by Wayne Simmonds.
1:00 of 2nd period - Stopped by Martin Jones with a rebound.
1:02 of 2nd period - Shot by Wayne Simmonds.
1:02 of 2nd period - Stopped by Martin Jones with a rebound.
1:11 of 2nd period - Jack Hughes is hit by Marco Scandella and loses puck.
1:20 of 2nd period - Shot by Brett Pesce.
1:20 of 2nd period - Shot Blocked by Evander Kane.
1:26 of 2nd period - Shot by Jack Hughes.
1:26 of 2nd period - Stopped by Martin Jones with a rebound.
1:28 of 2nd period - Shot by Brett Pesce.
1:28 of 2nd period - Shot Misses the Net.
1:34 of 2nd period - Shot by Jack Hughes.
1:34 of 2nd period - Shot Misses the Net.
1:40 of 2nd period - Shot by Wayne Simmonds.
1:40 of 2nd period - Shot Misses the Net.
2:10 of 2nd period - James van Riemsdyk is hit by Marco Scandella and loses puck.
3:03 of 2nd period - Shot by Pontus Aberg.
3:03 of 2nd period - Shot Misses the Net.
3:05 of 2nd period - Shot by Blake Wheeler.
3:05 of 2nd period - Goal by Blake Wheeler - TAMPA BAY Lightning : 1 - CAROLINA Hurricanes : 3.
3:06 of 2nd period - Connor Dewar wins face-off versus Anders Lee in neutral zone.
3:30 of 2nd period - Shot by Rasmus Asplund.
3:30 of 2nd period - Shot Misses the Net.
3:50 of 2nd period - Shot by Oskar Sundqvist.
3:50 of 2nd period - Goal by Oskar Sundqvist - TAMPA BAY Lightning : 2 - CAROLINA Hurricanes : 3.
3:51 of 2nd period - Adam Henrique wins face-off versus Tyler Motte in neutral zone.
5:09 of 2nd period - Shot by Rasmus Asplund.
5:09 of 2nd period - Shot Misses the Net.
6:50 of 2nd period - Shot by Adam Henrique.
6:50 of 2nd period - Stopped by Ilya Samsonov without a rebound.
6:51 of 2nd period - Oskar Sundqvist wins face-off versus Tyler Motte in CAROLINA Hurricanes zone.
6:54 of 2nd period - Shot by Anders Lee.
6:54 of 2nd period - Shot Misses the Net.
6:56 of 2nd period - Shot by Oskar Sundqvist.
6:56 of 2nd period - Stopped by Ilya Samsonov with a rebound.
6:58 of 2nd period - Shot by Rasmus Asplund.
6:58 of 2nd period - Stopped by Ilya Samsonov without a rebound.
6:59 of 2nd period - Tyler Motte wins face-off versus Adam Henrique in CAROLINA Hurricanes zone.
6:59 of 2nd period - Tyler Motte is hit by Kent Johnson.
7:13 of 2nd period - Peter Cehlarik is hit by Tyler Motte and loses puck.
8:10 of 2nd period - Icing by Rasmus Asplund.
8:11 of 2nd period - Curtis Lazar wins face-off versus Oskar Sundqvist in TAMPA BAY Lightning zone.
8:15 of 2nd period - Pontus Aberg is hit by Ryan Lindgren and loses puck.
8:18 of 2nd period - Shot by Curtis Lazar.
8:18 of 2nd period - Shot Misses the Net.
8:24 of 2nd period - Shot by Blake Wheeler.
8:24 of 2nd period - Stopped by Martin Jones without a rebound.
8:25 of 2nd period - Jack Hughes wins face-off versus Evgeny Kuznetsov in TAMPA BAY Lightning zone.
8:58 of 2nd period - Shot by Evgeny Kuznetsov.
8:58 of 2nd period - Shot Misses the Net.
9:03 of 2nd period - Owen Power is hit by Lawson Crouse and loses puck.
9:17 of 2nd period - Minor Penalty to Blake Wheeler for Tripping.
9:18 of 2nd period - Jack Hughes wins face-off versus Oskar Sundqvist in CAROLINA Hurricanes zone.
10:12 of 2nd period - Icing by Ivan Provorov.
10:13 of 2nd period - Oskar Sundqvist wins face-off versus Tyler Motte in TAMPA BAY Lightning zone.
11:28 of 2nd period - Adam Henrique is hit by Ben Hutton and loses puck.
12:52 of 2nd period - Shot by James van Riemsdyk.
12:52 of 2nd period - Deflect By Brandon Sutter.
12:52 of 2nd period - Shot Blocked by Artem Zub.
12:54 of 2nd period - Shot by KAndre Miller.
12:54 of 2nd period - Shot Misses the Net.
12:56 of 2nd period - Shot by Esa Lindell.
12:56 of 2nd period - Shot Blocked by Martin Fehervary.
13:07 of 2nd period - Icing by Martin Fehervary.
13:08 of 2nd period - Evgeny Kuznetsov wins face-off versus Marcus Johansson in TAMPA BAY Lightning zone.
13:08 of 2nd period - Lawson Crouse is hit by Wayne Simmonds and loses puck.
13:18 of 2nd period - Icing by Artem Zub.
13:19 of 2nd period - Evgeny Kuznetsov wins face-off versus Jack Hughes in TAMPA BAY Lightning zone.
13:24 of 2nd period - Shot by Wayne Simmonds.
13:24 of 2nd period - Deflect By Jack Hughes.
13:24 of 2nd period - Stopped by Martin Jones without a rebound.
13:25 of 2nd period - Oskar Sundqvist wins face-off versus Jack Hughes in TAMPA BAY Lightning zone.
13:59 of 2nd period - Shot by Jack Hughes.
13:59 of 2nd period - Shot Blocked by Anders Lee.
14:29 of 2nd period - Icing by Ryan Lindgren.
14:30 of 2nd period - Tyler Motte wins face-off versus Adam Henrique in TAMPA BAY Lightning zone.
14:40 of 2nd period - James van Riemsdyk is hit by Ryan Lindgren.
15:32 of 2nd period - Icing by Ben Hutton.
15:33 of 2nd period - Evgeny Kuznetsov wins face-off versus Curtis Lazar in CAROLINA Hurricanes zone.
16:06 of 2nd period - Shot by Lawson Crouse.
16:06 of 2nd period - Stopped by Ilya Samsonov without a rebound.
16:07 of 2nd period - Oskar Sundqvist wins face-off versus Marcus Johansson in CAROLINA Hurricanes zone.
16:13 of 2nd period - Brett Pesce is hit by Martin Fehervary and loses puck.
16:20 of 2nd period - Shot by Wayne Simmonds.
16:20 of 2nd period - Deflect By Jack Hughes.
16:20 of 2nd period - Stopped by Martin Jones without a rebound.
16:21 of 2nd period - Tyler Motte wins face-off versus Jesperi Kotkaniemi in TAMPA BAY Lightning zone.
16:22 of 2nd period - Shot by James van Riemsdyk.
16:22 of 2nd period - Goal by James van Riemsdyk - TAMPA BAY Lightning : 2 - CAROLINA Hurricanes : 4.
16:23 of 2nd period - Evgeny Kuznetsov wins face-off versus Jack Hughes in neutral zone.
16:36 of 2nd period - Shot by Wayne Simmonds.
16:36 of 2nd period - Goal by Wayne Simmonds - TAMPA BAY Lightning : 2 - CAROLINA Hurricanes : 5.
16:36 of 2nd period - Garret Sparks enters game.
16:37 of 2nd period - Brandon Sutter wins face-off versus Rasmus Asplund in neutral zone.
16:55 of 2nd period - Minor Penalty to KAndre Miller for Cross-checking.
16:56 of 2nd period - Jack Hughes wins face-off versus Evgeny Kuznetsov in CAROLINA Hurricanes zone.
17:19 of 2nd period - Shot by Lawson Crouse.
17:19 of 2nd period - Shot Misses the Net.
17:21 of 2nd period - Shot by Evgeny Kuznetsov.
17:21 of 2nd period - Shot Blocked by Owen Power.
17:23 of 2nd period - Shot by Ivan Provorov.
17:23 of 2nd period - Stopped by Ilya Samsonov without a rebound.
17:24 of 2nd period - Oskar Sundqvist wins face-off versus Jack Hughes in CAROLINA Hurricanes zone.
18:00 of 2nd period - Icing by Martin Fehervary.
18:01 of 2nd period - Oskar Sundqvist wins face-off versus Jack Hughes in TAMPA BAY Lightning zone.
18:01 of 2nd period - Oskar Sundqvist is hit by Marcus Johansson.
18:51 of 2nd period - Shot by Evander Kane.
18:51 of 2nd period - Shot Misses the Net.
18:53 of 2nd period - Shot by Ivan Provorov.
18:53 of 2nd period - Shot Misses the Net.
19:39 of 2nd period - Brett Pesce is hit by Josh Mahura and loses puck.
Goals for this period are 1 for TAMPA BAY Lightning vs 3 for CAROLINA Hurricanes .
Shots for this period are 6 for TAMPA BAY Lightning vs 11 for CAROLINA Hurricanes .

3rd period


0:01 of 3rd period - Evgeny Kuznetsov wins face-off versus Jack Hughes in neutral zone.
0:08 of 3rd period - Marco Scandella is hit by Wayne Simmonds and loses puck.
0:33 of 3rd period - Shot by Evander Kane.
0:33 of 3rd period - Stopped by Ilya Samsonov with a rebound.
0:39 of 3rd period - Shot by Lawson Crouse.
0:39 of 3rd period - Stopped by Ilya Samsonov without a rebound.
0:40 of 3rd period - Oskar Sundqvist wins face-off versus Tyler Motte in CAROLINA Hurricanes zone.
0:48 of 3rd period - Shot by Anders Lee.
0:48 of 3rd period - Shot Misses the Net.
0:53 of 3rd period - Icing by Esa Lindell.
0:54 of 3rd period - James van Riemsdyk wins face-off versus Adam Henrique in CAROLINA Hurricanes zone.
1:03 of 3rd period - Ryan Lindgren is hit by Tyler Motte and loses puck.
1:09 of 3rd period - Minor Penalty to Tyler Motte for Hooking.
1:10 of 3rd period - Jack Hughes wins face-off versus Evgeny Kuznetsov in CAROLINA Hurricanes zone.
1:54 of 3rd period - Wayne Simmonds is hit by Ivan Provorov and loses puck.
2:46 of 3rd period - Shot by Anders Lee.
2:46 of 3rd period - Stopped by Ilya Samsonov without a rebound.
2:47 of 3rd period - Oskar Sundqvist wins face-off versus Jack Hughes in CAROLINA Hurricanes zone.
3:19 of 3rd period - Shot by James van Riemsdyk.
3:19 of 3rd period - Shot Misses the Net.
3:31 of 3rd period - Shot by Tyler Motte.
3:31 of 3rd period - Shot Blocked by Josh Mahura.
3:58 of 3rd period - Minor Penalty to Blake Wheeler for High sticking.
3:59 of 3rd period - Evgeny Kuznetsov wins face-off versus Jack Hughes in CAROLINA Hurricanes zone.
4:06 of 3rd period - Shot by Evgeny Kuznetsov.
4:06 of 3rd period - Shot Misses the Net.
6:02 of 3rd period - Shot by Adam Henrique.
6:02 of 3rd period - Deflect By Kent Johnson.
6:02 of 3rd period - Stopped by Ilya Samsonov without a rebound.
6:02 of 3rd period - Minor Penalty to Ben Hutton for Holding.
6:03 of 3rd period - Oskar Sundqvist wins face-off versus Blake Wheeler in CAROLINA Hurricanes zone.
6:06 of 3rd period - Shot by Rasmus Asplund.
6:06 of 3rd period - Shot Blocked by Owen Power.
6:08 of 3rd period - Shot by Oskar Sundqvist.
6:08 of 3rd period - Shot Misses the Net.
6:10 of 3rd period - Shot by Martin Fehervary.
6:10 of 3rd period - Shot Misses the Net.
6:26 of 3rd period - Shot by Rasmus Asplund.
6:26 of 3rd period - Deflect By Oskar Sundqvist.
6:26 of 3rd period - Shot Blocked by Owen Power.
6:28 of 3rd period - Shot by Rasmus Asplund.
6:28 of 3rd period - Shot Misses the Net.
7:12 of 3rd period - Icing by Ivan Provorov.
7:13 of 3rd period - Wayne Simmonds wins face-off versus Evander Kane in TAMPA BAY Lightning zone.
7:56 of 3rd period - Shot by Cole Sillinger.
7:56 of 3rd period - Goal by Cole Sillinger - TAMPA BAY Lightning : 3 - CAROLINA Hurricanes : 5.
7:57 of 3rd period - Adam Henrique wins face-off versus Curtis Lazar in neutral zone.
7:59 of 3rd period - Off-side.
8:00 of 3rd period - Adam Henrique wins face-off versus Tyler Motte in neutral zone.
8:10 of 3rd period - Icing by Ben Hutton.
8:11 of 3rd period - Adam Henrique wins face-off versus Tyler Motte in CAROLINA Hurricanes zone.
9:53 of 3rd period - Ivan Provorov is hit by Brett Pesce and loses puck.
11:32 of 3rd period - Shot by Anders Lee.
11:32 of 3rd period - Shot Misses the Net.
12:11 of 3rd period - Icing by Brett Pesce.
12:12 of 3rd period - Connor Dewar wins face-off versus Adam Henrique in CAROLINA Hurricanes zone.
12:40 of 3rd period - Icing by Brett Pesce.
12:41 of 3rd period - Jesperi Kotkaniemi wins face-off versus Connor Dewar in CAROLINA Hurricanes zone.
12:50 of 3rd period - Marco Scandella is hit by Alexandre Texier.
13:27 of 3rd period - Icing by Esa Lindell.
13:28 of 3rd period - Tyler Motte wins face-off versus Anders Lee in CAROLINA Hurricanes zone.
13:41 of 3rd period - Shot by Esa Lindell.
13:41 of 3rd period - Stopped by Garret Sparks with a rebound.
14:51 of 3rd period - Shot by Pontus Aberg.
14:51 of 3rd period - Shot Blocked by Ryan Lindgren.
15:48 of 3rd period - Evgeny Kuznetsov is hit by Owen Power and loses puck.
16:11 of 3rd period - Shot by Adam Henrique.
16:11 of 3rd period - Shot Blocked by Brett Pesce.
16:13 of 3rd period - Shot by Adam Henrique.
16:13 of 3rd period - Stopped by Ilya Samsonov without a rebound.
16:14 of 3rd period - Jesperi Kotkaniemi wins face-off versus Tyler Motte in CAROLINA Hurricanes zone.
16:47 of 3rd period - Shot by Tyler Motte.
16:47 of 3rd period - Stopped by Garret Sparks without a rebound.
16:48 of 3rd period - Curtis Lazar wins face-off versus Adam Henrique in TAMPA BAY Lightning zone.
16:49 of 3rd period - Shot by Cam York.
16:49 of 3rd period - Shot Misses the Net.
17:08 of 3rd period - Minor Penalty to Ben Hutton for Roughing.
17:09 of 3rd period - Evgeny Kuznetsov wins face-off versus Blake Wheeler in CAROLINA Hurricanes zone.
17:10 of 3rd period - Shot by Evander Kane.
17:10 of 3rd period - Stopped by Ilya Samsonov without a rebound.
17:11 of 3rd period - Jack Hughes wins face-off versus Oskar Sundqvist in CAROLINA Hurricanes zone.
17:18 of 3rd period - Shot by Anders Lee.
17:18 of 3rd period - Shot Blocked by Jack Hughes.
17:20 of 3rd period - Shot by Rasmus Asplund.
17:20 of 3rd period - Shot Misses the Net.
17:22 of 3rd period - Shot by Anders Lee.
17:22 of 3rd period - Shot Misses the Net.
17:34 of 3rd period - Shot by Ivan Provorov.
17:34 of 3rd period - Stopped by Ilya Samsonov without a rebound.
17:35 of 3rd period - Evgeny Kuznetsov wins face-off versus Wayne Simmonds in CAROLINA Hurricanes zone.
18:40 of 3rd period - Shot by Marcus Johansson.
18:40 of 3rd period - Shot Misses the Net.
18:43 of 3rd period - Icing by Marco Scandella.
18:44 of 3rd period - Jack Hughes wins face-off versus Oskar Sundqvist in TAMPA BAY Lightning zone.
19:06 of 3rd period - Shot by Anders Lee.
19:06 of 3rd period - Deflect By Oskar Sundqvist.
19:06 of 3rd period - Stopped by Ilya Samsonov without a rebound.
19:07 of 3rd period - Oskar Sundqvist wins face-off versus Wayne Simmonds in CAROLINA Hurricanes zone.
19:07 of 3rd period - Anders Lee is hit by Brett Pesce and loses puck.
19:36 of 3rd period - Shot by Curtis Lazar.
19:36 of 3rd period - Stopped by Garret Sparks with a rebound.
Goals for this period are 1 for TAMPA BAY Lightning vs 0 for CAROLINA Hurricanes .
Shots for this period are 9 for TAMPA BAY Lightning vs 3 for CAROLINA Hurricanes .